 Dungeon Crawl Stone Soup version 0.22.1-1-ga44c0e56f4 (webtiles) character file.

667 Henning the Skirmisher (level 7, -2/60 HPs)
             Began as a Gnoll Abyssal Knight on Oct 2, 2018.
             Was a Priest of Lugonu.
             Slain by an ogre
             ... wielding a +0 giant club
              (16 damage)
             ... on level 4 of the Dungeon.
             The game lasted 00:09:22 (3732 turns).

Henning the Skirmisher (Gnoll Abyssal Knight)       Turns: 3732, Time: 00:09:23

Health: -2/60      AC: 17    Str: 19    XL:     7   Next: 57%
Magic:  11/11      EV:  0    Int: 14    God:    Lugonu [***...]
Gold:   168        SH: 13    Dex: 16    Spells: 11/11 levels left

rFire    . . .     SeeInvis .   a - +2 mace
rCold    . . .     Gourm    .   r - +0 large shield
rNeg     . . .     Faith    .   l - +0 crystal plate armour
rPois    .         Spirit   .   (no helmet)
rElec    .         Reflect  .   (no cloak)
rCorr    +         Harm     .   (no gloves)
MR       .....                  (no boots)
Stlth    ..........             (no amulet)
HPRegen  0.20/turn              n - +4 ring of strength
MPRegen  0.12/turn              o - ring of resist corrosion

@: no status effects
A: distributed training, fangs 1, strong nose
a: Depart the Abyss, Bend Space, Banish, Renounce Religion


You were on level 4 of the Dungeon.
You worshipped Lugonu.
Lugonu was most pleased with you.
You were hungry.

You visited 1 branch of the dungeon, and saw 4 of its levels.
You visited the Abyss 1 time.

You collected 168 gold pieces.

Inventory:

Hand Weapons
 a - a +2 mace (weapon)
Armour
 l - a +0 crystal plate armour (worn)
 r - a +0 large shield (worn)
Jewellery
 n - a +4 ring of strength (left hand)
 o - a ring of resist corrosion (right hand)
Wands
 b - a wand of random effects (23)
 f - a wand of disintegration (3)
 j - a wand of flame (18)
 s - a wand of enslavement (3)
Scrolls
 k - 2 scrolls of remove curse
 q - a scroll of amnesia
Potions
 d - a potion of curing
 e - a potion of resistance
 g - a potion of invisibility
 i - a potion of lignification
 m - a potion of cancellation
 p - a potion of flight {unknown}
Comestibles
 c - 7 rations


   Skills:
 + Level 7.0 Fighting
 + Level 2.5 Short Blades
 + Level 2.5 Long Blades
 + Level 2.5 Axes
 + Level 5.2 Maces & Flails
 + Level 2.5 Polearms
 + Level 2.5 Staves
 + Level 2.5 Slings
 + Level 2.5 Bows
 + Level 2.5 Crossbows
 + Level 2.5 Throwing
 + Level 5.2 Armour
 + Level 3.6 Dodging
 + Level 2.5 Stealth
 + Level 2.5 Shields
 + Level 2.5 Unarmed Combat
 + Level 2.5 Spellcasting
 + Level 2.0 Conjurations
 + Level 2.0 Hexes
 + Level 2.0 Charms
 + Level 2.0 Summonings
 + Level 2.0 Necromancy
 + Level 2.0 Translocations
 + Level 2.0 Transmutations
 + Level 2.0 Fire Magic
 + Level 2.0 Ice Magic
 + Level 2.0 Air Magic
 + Level 2.0 Earth Magic
 + Level 2.0 Poison Magic
 + Level 5.4 Invocations
 + Level 2.5 Evocations


You had 11 spell levels left.
You didn't know any spells.
Your spell library was empty.

Dungeon Overview and Level Annotations

Branches:
Dungeon (4/15)
 Temple: D:4-7

Altars:
Elyvilon
Qazlal
Trog
Yredelemnul
The Shining One


Innate Abilities, Weirdness & Mutations

Your experience applies equally to all skills.
You have very sharp teeth.
Your uncanny sense of smell can sniff out nearby items.


Message History

The ogre is lightly wounded.
The ogre hits you with a giant club!
Your shield and crystal plate armour prevent you from hitting the ogre.
Your bite misses the ogre.
The ogre is lightly wounded.
The ogre hits you with a giant club!
Your shield prevents you from hitting the ogre.
You bite the ogre.
The ogre is lightly wounded.
You block the ogre's attack.
Your shield and crystal plate armour prevent you from hitting the ogre.
The ogre is lightly wounded.
You block the ogre's attack.
You sock the ogre! You bite the ogre.
The ogre is severely wounded.
The ogre hits you with a giant club!
* * * LOW HITPOINT WARNING * * *
There is a stone staircase leading up, spattered with blood here.
The ogre hits you with a giant club!
You die...

#.....####............#...#
#####...##..........#....##
###.##..........###..## ∆
#..#..........###...####
##..############..#....... ##.##
##......#..# #..# #...##..# #
###### ##.##########..###....>
.....# ##.....oO@).............
.....###..#....)...##.#####.#.##
.............########.# .#.#
.....)..####.# #.# .....#### #.#
#.# .....# #.# ..# .....# #.#
.## .....# #.# ###### ...


You could see an ogre and an orc.

Vanquished Creatures
  Menkaure (D:4)
  An ogre (D:4)
  3 wights (D:3)
  A hound (D:4)
  The ghost of PeterQ the Ducker, a weakling SpCj (D:3)
  2 orc priests
  An orc wizard (D:4)
  Terence (D:2)
  Ijyb (D:3)
  4 gnolls (D:3)
  An adder (D:3)
  5 worms
  4 dart slugs
  A leopard gecko (D:3)
  5 orcs
  2 giant cockroaches
  2 gnoll zombies (D:4)
  8 goblins
  8 hobgoblins
  8 jackals
  4 quokkas
  3 bats (D:1)
  3 frilled lizards
  10 kobolds
  A leopard gecko skeleton (D:3)
  7 rats
88 creatures vanquished.

Vanquished Creatures (others)
  2 starspawn tentacles (Abyss:1)
2 creatures vanquished.

Grand Total: 90 creatures vanquished

Notes
Turn   | Place    | Note
-------+----------+-------------------------------------------
     0 | Abyss:1  | Henning the Gnoll Abyssal Knight began the quest for the
                  | Orb.
     0 | Abyss:1  | Reached XP level 1. HP: 23/23 MP: 3/3
     5 | Abyss:1  | Found a burning altar of Makhleb.
    31 | Abyss:1  | Noticed a tentacled starspawn
    62 | Abyss:1  | Noticed a tentacled starspawn
    62 | Abyss:1  | Noticed a large abomination
    63 | D:1      | Escaped the Abyss
   166 | D:1      | Reached XP level 2. HP: 28/29 MP: 5/5
   273 | D:1      | Reached * piety under Lugonu
   743 | D:1      | Reached XP level 3. HP: 17/35 MP: 6/6
  1162 | D:2      | Noticed Terence
  1193 | D:2      | Killed Terence
  1193 | D:2      | Reached skill level 1 in Short Blades
  1193 | D:2      | Reached skill level 1 in Long Blades
  1193 | D:2      | Reached skill level 1 in Axes
  1193 | D:2      | Reached skill level 1 in Polearms
  1193 | D:2      | Reached skill level 1 in Staves
  1193 | D:2      | Reached skill level 1 in Slings
  1193 | D:2      | Reached skill level 1 in Bows
  1193 | D:2      | Reached skill level 1 in Crossbows
  1193 | D:2      | Reached skill level 1 in Throwing
  1193 | D:2      | Reached skill level 1 in Stealth
  1193 | D:2      | Reached skill level 1 in Shields
  1193 | D:2      | Reached skill level 1 in Unarmed Combat
  1193 | D:2      | Reached skill level 1 in Spellcasting
  1193 | D:2      | Reached skill level 1 in Evocations
  1193 | D:2      | Reached XP level 4. HP: 30/41 MP: 7/7
  1461 | D:3      | Noticed PeterQ's ghost (weakling SpCj)
  1481 | D:3      | Reached skill level 1 in Conjurations
  1481 | D:3      | Reached skill level 1 in Hexes
  1481 | D:3      | Reached skill level 1 in Charms
  1481 | D:3      | Reached skill level 1 in Summonings
  1481 | D:3      | Reached skill level 1 in Necromancy
  1481 | D:3      | Reached skill level 1 in Translocations
  1481 | D:3      | Reached skill level 1 in Transmutations
  1481 | D:3      | Reached skill level 1 in Fire Magic
  1481 | D:3      | Reached skill level 1 in Ice Magic
  1481 | D:3      | Reached skill level 1 in Air Magic
  1481 | D:3      | Reached skill level 1 in Earth Magic
  1481 | D:3      | Reached skill level 1 in Poison Magic
  1485 | D:3      | Reached ** piety under Lugonu
  1485 | D:3      | Reached XP level 5. HP: 32/47 MP: 8/8
  1719 | D:3      | Noticed Ijyb
  1750 | D:3      | Killed Ijyb
  2050 | D:3      | Reached skill level 5 in Invocations
  2050 | D:3      | Reached XP level 6. HP: 39/53 MP: 9/9
  2258 | D:3      | Found a transporter.
  2275 | D:3      | Found a transporter.
  2581 | D:3      | Reached skill level 5 in Maces & Flails
  2581 | D:3      | Reached skill level 5 in Armour
  2884 | D:3      | Killed PeterQ's ghost
  3024 | D:4      | Reached XP level 7. HP: 5/59 MP: 10/10
  3352 | D:4      | Found a glowing golden altar of the Shining One.
  3415 | D:4      | Found a stormy altar of Qazlal.
  3415 | D:4      | Found a white marble altar of Elyvilon.
  3420 | D:4      | Found a faded altar of an unknown god.
  3422 | D:4      | Found a bloodstained altar of Trog.
  3424 | D:4      | Found a faded altar of an unknown god.
  3452 | D:4      | Noticed Menkaure
  3460 | D:4      | Killed Menkaure
  3460 | D:4      | Reached skill level 7 in Fighting
  3600 | D:4      | Reached *** piety under Lugonu
  3608 | D:4      | Found a basalt altar of Yredelemnul.
  3732 | D:4      | Slain by an ogre

Skill      XL: |  1  2  3  4  5  6  7 |
---------------+----------------------+-----
Short Blades   | 1 2 |  2.5
Long Blades    | 1 2 |  2.5
Axes           | 1 2 |  2.5
Polearms       | 1 2 |  2.5
Staves         | 1 2 |  2.5
Slings         | 1 2 |  2.5
Bows           | 1 2 |  2.5
Crossbows      | 1 2 |  2.5
Throwing       | 1 2 |  2.5
Stealth        | 1 2 |  2.5
Shields        | 1 2 |  2.5
Unarmed Combat | 1 2 |  2.5
Spellcasting   | 1 2 |  2.5
Evocations     | 1 2 |  2.5
Conjurations   | 1 2 |  2.0
Hexes          | 1 2 |  2.0
Charms         | 1 2 |  2.0
Summonings     | 1 2 |  2.0
Necromancy     | 1 2 |  2.0
Translocations | 1 2 |  2.0
Transmutations | 1 2 |  2.0
Fire Magic     | 1 2 |  2.0
Ice Magic      | 1 2 |  2.0
Air Magic      | 1 2 |  2.0
Earth Magic    | 1 2 |  2.0
Poison Magic   | 1 2 |  2.0
Dodging        | 3 |  3.6
Invocations    | 5 |  5.4
Maces & Flails | 5 |  5.2
Armour         | 5 |  5.2
Fighting       | 7 |  7.0

Action                   |  1- 3 |  4- 6 |  7- 9 || total
-------------------------+-------+-------+-------++-------
Melee: Mace              |   105 |   247 |    53 ||   405
       Bite              |     9 |    39 |    12 ||    60
       Punch             |     1 |       |       ||     1
Invok: Depart the Abyss  |     1 |       |       ||     1
  Use: Scroll            |       |     9 |     1 ||    10
  Eat: Chunk             |     1 |     6 |     2 ||     9
Armor: Ring mail         |    36 |       |       ||    36
       Crystal plate arm |    25 |   216 |    24 ||   265
Dodge: Dodged            |    63 |    30 |     1 ||    94
Block: Large shield      |       |    45 |    38 ||    83
